 Dungeon Crawl Stone Soup version 0.27.1-1-g398f81649c (webtiles) character file.

Game seed: 11018297125552900103

6965 imbaldmole the Covert (level 11, -4/75 HPs)
             Began as an Octopode Brigand on Sept 15, 2021.
             Was an Elder of Dithmenos.
             Slain by a polar bear (11 damage)
             ... on level 1 of the Lair of Beasts on Sept 16, 2021.
             The game lasted 01:16:44 (11533 turns).

imbaldmole the Covert (Octopode Brigand)           Turns: 11533, Time: 01:16:45

Health: -4/75      AC:  2    Str: 14    XL:     11   Next: 7%
Magic:  11/11      EV: 15    Int: 14    God:    Dithmenos [****..]
Gold:   595        SH:  0    Dex: 13    Spells: 10/10 levels left

rFire    . . .     SeeInvis .   o - +2 dagger (speed)
rCold    . . .     Faith    .   (no shield)
rNeg     . . .     Spirit   .   m - +1 hat
rPois    .         Reflect  .   n - amulet of regeneration
rElec    .         Harm     .   (no ring)
rCorr    .         Rampage  .   (no ring)
Will     .....                  (no ring)
Stlth    +++++++++.             (no ring)
HPRegen  1.22/turn              (no ring)
MPRegen  0.12/turn              (no ring)
                                (no ring)
                                (no ring)

@: wreathed by umbra
A: almost no armour, amphibious, 8 rings, camouflage 1, gelatinous body 1,
(nimble swimmer 1), tentacles
a: Renounce Religion, Shadow Step


You were on level 1 of the Lair of Beasts.
You worshipped Dithmenos.
Dithmenos was greatly pleased with you.
You visited 2 branches of the dungeon, and saw 11 of its levels.

You collected 595 gold pieces.

Inventory:

Hand Weapons
 a - a +2 dagger
 o - a +2 dagger of speed (weapon)
 r - a +1 dagger of venom
 v - a +0 shortbow
 K - the +1 whip "Nagits" {drain, Dex+5}
   (You found it on level 9 of the Dungeon)

   A truly terrible weapon, it drains the life of any living foe it strikes.
   Dex:       It affects your dexterity (+5).
Missiles
 b - 54 poisoned darts (quivered)
 c - 3 curare-tipped darts
 s - 135 arrows
Armour
 m - a +1 hat (worn)
Jewellery
 k - an amulet of reflection
 n - an amulet of regeneration (around mantle)
Wands
 y - a wand of paralysis (7)
 C - a wand of polymorph (7)
 E - a wand of acid (15)
 H - a wand of iceblast (11)
Scrolls
 f - 7 scrolls of identify {unknown}
 i - 3 scrolls of enchant armour {unknown}
 l - 5 scrolls of teleportation {unknown}
 p - 2 scrolls of brand weapon {unknown}
 q - 3 scrolls of immolation
 x - 3 scrolls of noise {unknown}
 A - 3 scrolls of blinking {unknown}
 B - a scroll of holy word {unknown}
 D - 2 scrolls of fog {unknown}
 F - a scroll of enchant weapon {unknown}
 I - a scroll of vulnerability {unknown}
 J - a scroll of magic mapping {unknown}
Potions
 d - 3 potions of mutation {unknown}
 e - 4 potions of curing {unknown}
 g - 4 potions of flight {unknown}
 h - 4 potions of resistance {unknown}
 j - 3 potions of heal wounds {unknown}
 t - a potion of cancellation {unknown}
 u - 3 potions of haste {unknown}
 w - a potion of might {unknown}
 z - 3 potions of lignification {unknown}
 G - 2 potions of degeneration {unknown}


   Skills:
 + Level 7.5 Fighting
 + Level 9.1 Short Blades
 + Level 5.7 Throwing
 + Level 6.5 Dodging
 + Level 12.9 Stealth


You had 10 spell levels left.
You didn't know any spells.
Your spell library contained the following spells:

 Spells                   Type           Power      Damage    Failure   Level
 Magic Dart               Conj           0%         1d3       28%         1
 Pain                     Necr           0%         1d4       28%         1
 Call Imp                 Summ           0%         N/A       41%         2
 Corpse Rot               Necr/Air       N/A        N/A       41%         2
 Ensorcelled Hibernation  Hex/Ice        0%         N/A       41%         2
 Passwall                 Tmut/Erth      0%         N/A       41%         2
 Poisonous Vapours        Pois/Air       0%         N/A       41%         2
 Dazzling Flash           Conj/Hex       0%         N/A       65%         3
 Mephitic Cloud           Conj/Pois/Air  0%         N/A       65%         3
 Spider Form              Tmut/Pois      0%         N/A       65%         3
 Stone Arrow              Conj/Erth      0%         3d7       65%         3
 Swiftness                Air            0%         N/A       65%         3
 Iskenderun's Mystic Bla  Conj/Tloc      0%         2d3       96%         4
 Agony                    Necr           0%         N/A       100%        5
 Excruciating Wounds      Necr           0%         N/A       100%        5
 Freezing Cloud           Conj/Ice/Air   0%         6-21      100%        5
 Invisibility             Hex            0%         N/A       100%        6
 Shadow Creatures         Summ           N/A        N/A       100%        6
 Starburst                Conj/Fire      0%         6d3       100%        6
 Lehudib's Crystal Spear  Conj/Erth      0%         10d2      100%        8
 Animate Armour           Summ/Erth      Unusable   N/A       N/A         4

Dungeon Overview and Level Annotations

Branches:
Dungeon (10/15)            Temple (0/1) D:4            Lair (1/6) D:9
    Orc (0/2) D:9

Altars:
Dithmenos
Gozag
Zin

Shops:
D:7 =   D:9 =

Annotations:
D:7 Joseph
D:9 Maurice


Innate Abilities, Weirdness & Mutations

You cannot wear most types of armour.
You are amphibious.
You can wear up to eight rings at the same time.
Your skin changes colour to match your surroundings (Stealth+).
Your rubbery body absorbs attacks. (AC +1, EV +1)
((You are camouflaged near water. (Stealth+)))
You have tentacles for arms and can constrict up to eight enemies at once.


Message History

You hit the polar bear but do no damage.
The polar bear is heavily wounded.
You hit the polar bear.
The polar bear is heavily wounded.
The polar bear misses you. x2; The polar bear closely misses you.
You hit the polar bear but do no damage.
The polar bear is heavily wounded.
You hit the polar bear but do no damage.
The polar bear is heavily wounded.
Your shadow hits the polar bear but does no damage.
The polar bear bites you! The polar bear claws you.
The polar bear closely misses you.
You hit the polar bear.
The polar bear is heavily wounded.
You hit the polar bear.
The polar bear is severely wounded.
You hit the polar bear.
The polar bear is severely wounded.
Your shadow hits the polar bear but does no damage.
The polar bear bites you!! The polar bear claws you. x2
You hit the polar bear.
The polar bear is heavily wounded.
You hit the polar bear but do no damage.
You squeeze the polar bear!
The polar bear is severely wounded.
The polar bear goes berserk!
You hit the polar bear but do no damage.
The polar bear is severely wounded.
The polar bear bites you!! The polar bear completely misses you.
The polar bear closely misses you. The polar bear barely misses you.
The polar bear claws you. x2
The polar bear rages.
The polar bear bites you!!
* * * LOW HITPOINT WARNING * * *
The polar bear claws you.
* * * LOW HITPOINT WARNING * * *
The polar bear claws you.
* * * LOW HITPOINT WARNING * * *
The polar bear bites you!
You die...

......... #.######..# ..
.........# #.........# ..
..(......## #.........#
...# ..........#
#.........# #... .........#
#.######..## #..#
.........## #..# #P...#
#..# ..........# #.##
##..## #...
.........########.### #..#
#...
...............h@.#.####..#
#..#
..........#######.........#
#... .........##
#..P##....# #(P#
..........# #.#####...#
#.## .........## #.#
##...## #.# ..........#
#.## #.....###.#
....>...(##
#..####...###P.# .........#
#..............# ..##P##.##
####P.##########


You could see a polar bear (berserk).

Vanquished Creatures
  The ghost of Elvor the Cudgeller, a novice DrWr of Okawaru (D:6)
  20 yaks
  2 wyverns
  A basilisk (Lair:1)
  4 water moccasins
  3 sky beasts (D:7)
  4 black bears
  2 orc warriors
  3 ice beasts (D:7)
  An ogre (D:4)
  2 centaurs
  A kobold brigand (D:4)
  5 bullfrogs
  A wyvern zombie (D:8)
  A water moccasin skeleton (D:5)
  3 wights (D:8)
  A howler monkey (D:6)
  2 bullfrog zombies
  3 centaur zombies
  2 hounds (D:5)
  2 jellies
  2 orc priests (D:7)
  2 centaur skeletons (D:7)
  3 iguanas
  Natasha (thrice) (D:4)
  5 orc wizards
  A hound skeleton (D:4)
  A howler monkey zombie (D:9)
  A gnoll (D:1)
  8 adders
  A shadow imp (D:7)
  An adder zombie (D:5)
  3 worms
  3 dart slugs
  17 orcs
  7 ball pythons
  6 bats
  3 endoplasms
  4 giant cockroaches
  21 goblins
  6 hobgoblins
  2 jackals (D:2)
  2 kobolds
  3 quokkas
  8 frilled lizards
  3 rats
180 creatures vanquished.

Vanquished Creatures (others)
  A fungus (Lair:1)
  A plant (Lair:1)
2 creatures vanquished.

Grand Total: 182 creatures vanquished

Notes
Turn   | Place    | Note
-------+----------+-------------------------------------------
     0 | D:1      | imbaldmole the Octopode Brigand began the quest for the
                  | Orb.
     0 | D:1      | Reached XP level 1. HP: 14/14 MP: 1/1
   261 | D:1      | Found a faded altar of an unknown god.
   268 | D:1      | Became a worshipper of Dithmenos the Shadowed
   268 | D:1      | Reached * piety under Dithmenos
   304 | D:1      | Reached XP level 2. HP: 13/19 MP: 2/2
   412 | D:1      | Reached skill level 6 in Stealth
   729 | D:1      | Reached XP level 3. HP: 24/24 MP: 3/3
  1303 | D:2      | Reached ** piety under Dithmenos
  1304 | D:2      | Reached skill level 7 in Stealth
  1425 | D:2      | Found a glowing silver altar of Zin.
  1524 | D:2      | Reached XP level 4. HP: 29/29 MP: 4/4
  2625 | D:3      | Reached XP level 5. HP: 34/34 MP: 5/5
  2716 | D:4      | Reached skill level 8 in Stealth
  2798 | D:4      | Found a staircase to the Ecumenical Temple.
  2935 | D:4      | Reached skill level 9 in Stealth
  2935 | D:4      | Reached XP level 6. HP: 35/39 MP: 6/6
  3667 | D:5      | Entered Level 5 of the Dungeon
  3692 | D:5      | Reached *** piety under Dithmenos
  3710 | D:5      | Reached XP level 7. HP: 45/45 MP: 7/7
  3916 | D:5      | Reached skill level 10 in Stealth
  4271 | D:4      | Noticed Natasha
  4280 | D:4      | Killed Natasha
  4436 | D:4      | Noticed Natasha
  4452 | D:4      | Killed Natasha
  4453 | D:4      | Reached XP level 8. HP: 34/52 MP: 8/8
  4621 | D:4      | Noticed Natasha
  4622 | D:4      | Killed Natasha
  5316 | D:6      | Found a runed translucent door.
  5317 | D:6      | Noticed Elvor's ghost (novice DrWr)
  5945 | D:6      | Reached skill level 5 in Short Blades
  6283 | D:6      | Killed Elvor's ghost
  6284 | D:6      | Reached skill level 11 in Stealth
  6284 | D:6      | Reached XP level 9. HP: 32/59 MP: 9/9
  6490 | D:7      | Found an opulent altar of Gozag.
  6704 | D:7      | Noticed a troll
  6705 | D:7      | Noticed a cyclops
  6902 | D:7      | Found Badopyb's Jewellery Shoppe.
  7088 | D:7      | Noticed Joseph
  7331 | D:8      | Reached skill level 5 in Fighting
  7331 | D:8      | Reached skill level 5 in Throwing
  8438 | D:9      | Noticed Maurice
  8567 | D:9      | Found Xest's Jewellery Shop.
  8691 | D:9      | Reached skill level 5 in Dodging
  8691 | D:9      | Reached skill level 12 in Stealth
  8691 | D:9      | Reached XP level 10. HP: 42/68 MP: 10/10
  9087 | D:8      | Reached **** piety under Dithmenos
  9643 | D:9      | Noticed a cyclops
  9656 | D:9      | Found a staircase to the Lair.
  9656 | D:9      | Noticed an elephant
  9861 | D:9      | Found a staircase to the Orcish Mines.
  9945 | D:10     | Entered Level 10 of the Dungeon
  9945 | D:10     | Noticed a manticore
 10386 | D:9      | Identified the +1 whip "Nagits" {drain, Dex+5}
 10413 | Lair:1   | Entered Level 1 of the Lair of Beasts
 10716 | Lair:1   | Noticed a cane toad
 11081 | Lair:1   | Noticed a six-headed hydra
 11283 | Lair:1   | Reached XP level 11. HP: 55/75 MP: 11/11
 11533 | Lair:1   | Slain by a polar bear

Illustrated notes

Levels and vault maps discovered:
D:1:      psy_arrival_basics, layout_loops_corners,
          ebering_ecumenical_altar_mist
D:2:      layout_loops_corners, basic_altar
D:3:      layout_basic, chequers_decorated_corner
D:4:      layout_loops_ring, minmay_temple_entry_waves, minmay_ogre_servants,
          uniq_natasha
D:5:      layout_rooms
D:6:      layout_loops_corners, ebering_ghost_inner_flame
D:7:      minmay_chambers_of_sixes, layout_basic, nicolae_gozag_seed_capital,
          serial_shops, nicolae_shop_waterfront, uniq_joseph
D:8:      layout_rooms
D:9:      layout_small_grid, david_lair_generic, minmay_orc_entry_guard_dogs,
          serial_shops, shop, nicolae_water_bricks, uniq_maurice
D:10:     layout_loops_corners, nicolae_trove_entry_columns,
          kennysheep_another_room, nzn_life_drinkers, uniq_maggie, uniq_urug
Lair:1:   layout_small_grid

Skill      XL: |  1  2  3  4  5  6  7  8  9 10 |
---------------+-------------------------------+-----
Stealth        | 6 7 9 10 11 12 | 12.9
Short Blades   | 3 4 5 7 9 |  9.1
Throwing       | 3 4 5 |  5.7
Dodging        | 2 3 5 6 |  6.5
Fighting       | 3 4 6 7 |  7.5

Action                   |  1- 3 |  4- 6 |  7- 9 | 10-12 || total
-------------------------+-------+-------+-------+-------++-------
Melee: Dagger            |    49 |   118 |   481 |   409 ||  1057
       Constrict         |     9 |    27 |    36 |    13 ||    85
       Tentacles         |     6 |    22 |    98 |   121 ||   247
Throw: Dart              |     2 |    25 |    22 |    20 ||    69
 Stab: Sleeping          |    18 |    19 |    12 |     7 ||    56
       Distracted        |       |     1 |     3 |       ||     4
Armor: Skin              |     5 |     8 |    28 |     8 ||    49
Dodge: Dodged            |    19 |    48 |   130 |   153 ||   350
